 Dungeon Crawl Stone Soup version 0.17-a0-1554-g3b847ca (webtiles) character file.

89529 patman the Warrior (level 15, -8/129 HPs)
             Began as a Mummy Berserker on July 19, 2015.
             Was a High Priest of Trog.
             Killed from afar by Azrael (75 damage)
             ... with a bolt of fire
             ... on level 13 of the Dungeon.
             The game lasted 01:16:22 (36266 turns).

patman the Warrior (Mummy Berserker)               Turns: 36266, Time: 01:16:23

Health: -8/129     AC: 36    Str: 21    XL:     15   Next: 49%
Magic:  15/15      EV:  8    Int: 10    God:    Trog [*****.]
Gold:   2836       SH:  0    Dex: 21    Spells: 0 memorised, 14 levels left

rFire  x . .     SeeInvis .     a - +6 dire flail (crush)
rCold  + + .     Clarity  .     s - +1 plate armour {rC+}
rNeg   + + +     SustAt   .     (no shield)
rPois  ∞         Gourm    .     z - +2 helmet
rElec  +         Spirit   .     j - +2 cloak
rCorr  .         Warding  .     F - +2 pair of gloves
rMut   .         Stasis   .     (no boots)
MR     +++..                    K - amulet of regeneration
Stlth  ..........               N - ring of Robustness {AC+8}
                                f - ring of the Kraken {rElec Int+3 Dex+4 Slay+2 Stlth+}

@: regenerating, extremely resistant to hostile enchantments, extremely
unstealthy
A: no food or potions, fire vulnerability, cold resistance 1, negative energy
resistance 3, torment resistance, unbreathing, in touch with death 1, restore
body
a: Self-Restoration, Burn Spellbooks, Trog's Hand, Brothers in Arms, Renounce
Religion


You were on level 13 of the Dungeon.
You worshipped Trog.
Trog was extremely pleased with you.
You were not hungry.

You visited 3 branches of the dungeon, and saw 25 of its levels.

You collected 3726 gold pieces.
You spent 890 gold pieces at shops.

Inventory:

Hand weapons
 a - a +6 dire flail of crushing (weapon)
 b - a +0 blowgun
 c - a +0 dagger of venom
 p - the +10 dagger of Nugakisch {pierce, rF++ MR+}
   (You took it off an orc on level 4 of the Orcish Mines)

   It inflicts extra damage upon your enemies.
   It greatly protects you from fire.
   It affects your resistance to hostile enchantments.
 L - a +3 great mace of protection
Missiles
 g - 725 stones (quivered)
 l - 6 throwing nets
 m - 100 poisoned needles
Armour
 j - a +2 cloak (worn)
 s - a +1 plate armour of cold resistance (worn)
 z - a +2 helmet (worn)
 F - a +2 pair of gloves (worn)
 M - a +10 plate armour of ponderousness
Jewellery
 f - the ring of the Kraken (left hand) {rElec Int+3 Dex+4 Slay+2 Stlth+}
   (You took it off an orc on level 4 of the Orcish Mines)

   [ring of intelligence]

   It affects your intelligence (+3).
   It affects your dexterity (+4).
   It affects your accuracy and damage with ranged weapons and melee attacks
   (+2).
   It insulates you from electricity.
   It makes you more stealthy.
 r - an uncursed ring of stealth
 J - an uncursed ring of flight
 K - an amulet of regeneration (around neck)
 N - the ring of Robustness (right hand) {AC+8}
   (You took it off an orc on level 4 of the Orcish Mines)

   [ring of protection]

   It affects your AC (+8).
Magical devices
 n - a wand of hasting (4)
 o - a wand of fire (7)
 t - a wand of polymorph (13)
 u - a wand of draining (5)
 v - a wand of disintegration (13)
 w - a wand of enslavement (15)
 x - a wand of polymorph (10)
 y - a wand of polymorph (19)
 B - a wand of cold (0)
 D - a wand of fireball (8)
 G - a wand of polymorph (15)
Scrolls
 d - 6 scrolls of enchant weapon
 e - 2 scrolls of recharging
 h - 16 scrolls of remove curse
 i - 4 scrolls of immolation
 k - 3 scrolls of fog
 q - a scroll of teleportation
 A - 3 scrolls of fear
 C - 2 scrolls of noise
 E - a scroll of summoning
 I - a scroll of magic mapping
 P - a scroll of blinking
 Q - a scroll of acquirement {unknown}
Books
 H - a Grand Grimoire

   Spells                             Type                      Level
   a - Monstrous Menagerie            Summoning                    6
   b - Summon Greater Demon           Summoning                    7
   c - Malign Gateway                 Summoning/Translocation      7
   d - Summon Horrible Things         Summoning                    8
   Trog disapproves of the use of such an item.
 O - a book of Transfigurations

   Spells                             Type                      Level
   a - Stoneskin                      Transmutation/Earth          2
   b - Irradiate                      Conjuration/Transmutation    5
   c - Statue Form                    Transmutation/Earth          6
   d - Hydra Form                     Transmutation                6
   e - Dragon Form                    Transmutation                7
   Trog disapproves of the use of such an item.


   Skills:
 * Level 15.3 Fighting
 - Level 14.0 Maces & Flails
 * Level 13.6 Armour
 - Level 1.5 Dodging


You had 14 spell levels left.
You didn't know any spells.

Dungeon Overview and Level Annotations

Branches:
Dungeon (13/15)            Temple (0/1) D:7            Lair (8/8) D:8
 Shoals (0/4) Lair:6        Snake (0/4) Lair:6        Slime (0/6) Lair:6
    Orc (4/4) D:10            Elf (0/3) Orc:3        Vaults (0/5) D:13

Altars:
Ashenzari
Dithmenos
Elyvilon
Fedhas
Gozag
Okawaru
Qazlal
Ru
Trog
Vehumet
The Shining One
Beogh

Shops:
D:9 %   D:11 (   Orc:4 *(:[

Portals:
Trove: D:12 (give 2 scrolls of acquirement)

Annotations:
D:4 Duvessa
D:13 Azrael
Lair:6 exclusion: oklob plant


Innate Abilities, Weirdness & Mutations

You do not eat or drink.
Your flesh is vulnerable to fire.
You are immune to poison.
Your flesh is cold resistant.
You are immune to negative energy.
You are immune to unholy pain and torment.
You can survive without breathing.
You are in touch with the powers of death.
You can restore your body by infusing magical energy.


Message History

Your skin crawls.
You feel resistant to hostile enchantments.
The hell hound barely misses you. Azrael gestures at you.
The fireball explodes!
The fireball engulfs the hell hound.
The hell hound completely resists.
The fireball engulfs Azrael.
Azrael completely resists.
The fireball engulfs you! The fire burns you terribly!
The hell hound barely misses you.
You hear a shout!
You hear a bellow!
You hear a bellow!
Use which ability? (? or * to list)
Your ogre goes berserk!
The hell hound barely misses you.
Unknown command.
You hit the hell hound but do no damage.
The hell hound bites you but does no damage.
Azrael gestures at you.
The bolt of fire hits the hell hound.
The hell hound completely resists.
The bolt of fire hits you! The fire burns you terribly!
Ouch! That really hurt!
You die...

#..§.hE..# +.h......#
#.E......+ #.§§.....#
#h### #.Eh#####
####### ###§hE%R#
......# #####h##
......# #...)@.#
......# #......##.'
...)..### #......O..#
.%.†..).####......####
....[)#....#......#
......####.'......#
####'## ###......# #..
#.# ##'##### .. #.#
#.# ##.#


You could see Azrael, a hell hound and a friendly ogre (berserk).

Vanquished Creatures
  Saint Roka (Orc:4)
  Kirke (Lair:7)
  Maud (Lair:4)
  An orc warlord (Orc:4)
  Nessos (D:12)
  4 vault guards (D:13)
  4 hydras
  A catoblepas (D:13)
  A tengu warrior (D:13)
  An orc high priest (Orc:4)
  Nergalle (D:11)
  5 skeletal warriors (D:12)
  2 hill giants (D:10)
  An unseen horror (D:10)
  A wizard (D:13)
  Pikel (D:6)
  6 orc knights
  7 orc sorcerers (Orc:4)
  8 elephants (Lair:7)
  9 spiny frogs
  2 gargoyles (D:13)
  4 fire drakes
  10 komodo dragons
  5 black mambas
  A tengu conjurer (D:13)
  2 kobold demonologists (D:12)
  A spriggan druid (Lair:8)
  15 slime creatures
  4 polar bears (Lair:8)
  5 trolls
  2 two-headed ogres
  A boulder beetle (shapeshifter) (D:13)
  3 deep elf magi
  8 spriggans (Lair:8)
  25 blink frogs
  A shadow (D:12)
  A wraith (D:12)
  6 redbacks (Lair:8)
  4 wyverns
  36 yaks
  2 hogs (Lair:7)
  9 basilisks
  The ghost of Duffy the Ruffian, an average CeMo (D:5)
  2 humans (D:13)
  3 vampire mosquitoes (D:12)
  2 fire elementals (D:13)
  12 hippogriffs
  Menkaure (D:7)
  A naga (Lair:6)
  19 wolves
  6 wargs
  24 water moccasins
  5 black bears
  2 hell hounds (D:13)
  17 porcupines
  3 ice beasts
  2 sky beasts (D:12)
  3 phantoms
  3 slaves (D:6)
  A necrophage (D:10)
  15 ogres
  6 centaurs
  7 wasps
  35 orc warriors
  8 big kobolds
  15 giant frogs
  8 crocodiles
  4 jellies
  A water moccasin zombie (D:12)
  A water moccasin skeleton (D:7)
  3 gnoll sergeants
  4 scorpions
  Dowan (D:4)
  6 killer bees (D:9)
  5 wights (D:8)
  4 giant frog zombies
  5 crimson imps
  A giant frog skeleton (D:11)
  A lava snake (Orc:1)
  A gnoll shaman (D:6)
  A quasit (D:9)
  8 hounds
  27 orc priests
  3 centaur skeletons
  9 iguanas
  31 orc wizards
  2 hell rats (D:5)
  9 worker ants
  16 sheep
  2 worker ant zombies
  20 adders
  29 gnolls
  49 river rats
  3 shadow imps
  5 oozes
  7 worms
  8 giant geckos
  184 orcs
  20 bats
  2 bat skeletons
  21 goblins
  36 hobgoblins
  11 jackals
  20 kobolds
  9 quokkas
  4 giant cockroaches
  5 giant newts
  A jackal skeleton (D:4)
  4 quokka skeletons
  36 rats
1024 creatures vanquished.

Vanquished Creatures (collateral kills)
  Rupert (Lair:7)
  An orc warlord (Orc:4)
  Snorg (Orc:3)
  3 hydras
  An ogre mage (D:13)
  A wolf spider (Lair:1)
  2 orc knights
  An orc sorcerer (Orc:3)
  Maurice (Orc:1)
  Joseph (D:7)
  A komodo dragon (Lair:7)
  A spriggan druid (Lair:8)
  A redback (Lair:8)
  2 spriggans (Lair:8)
  A hippogriff (Lair:3)
  A wolf (Lair:8)
  2 orc warriors (Orc:4)
  A wasp (Lair:8)
  2 black bears (Lair:8)
  A crocodile (Lair:8)
  A crimson imp (D:7)
  An orc priest (Orc:3)
  3 orc wizards
  3 sheep (Lair:3)
  17 orcs
  A goblin (Orc:3)
52 creatures vanquished.

Vanquished Creatures (others)
  A slave (D:6)
  An orc priest (Orc:4)
  A bush (Lair:7)
  46 fungi
  8 plants
57 creatures vanquished.

Grand Total: 1133 creatures vanquished

Notes
Turn   | Place    | Note
--------------------------------------------------------------
     0 | D:1      | patman the Mummy Berserker began the quest for the Orb.
     0 | D:1      | Reached XP level 1. HP: 18/18 MP: 1/1
    96 | D:1      | Reached XP level 2. HP: 17/24 MP: 2/2
   501 | D:1      | You fall through a shaft!
  1079 | D:2      | Reached XP level 3. HP: 29/29 MP: 3/3
  1080 | D:2      | Acquired Trog's second power
  2023 | D:2      | Reached skill level 4 in Maces & Flails
  2086 | D:2      | Reached XP level 4. HP: 35/35 MP: 4/4
  2149 | D:3      | Noticed a giant frog
  2162 | D:3      | Killed a giant frog
  2162 | D:3      | Reached XP level 5. HP: 15/41 MP: 5/5
  2647 | D:3      | Reached skill level 5 in Maces & Flails
  3254 | D:3      | Noticed an ogre
  3303 | D:3      | Killed an ogre
  3303 | D:3      | Reached XP level 6. HP: 30/47 MP: 6/6
  3992 | D:4      | Reached skill level 6 in Maces & Flails
  4355 | D:4      | Found a bloodstained altar of Trog.
  4447 | D:4      | Found an opulent altar of Gozag.
  4595 | D:4      | Acquired Trog's third power
  4755 | D:4      | Noticed Duvessa
  4755 | D:4      | Noticed Dowan
  4763 | D:4      | Killed Dowan
  4763 | D:4      | Reached XP level 7. HP: 52/52 MP: 7/7
  5097 | D:5      | Entered Level 5 of the Dungeon
  5314 | D:5      | Reached skill level 7 in Maces & Flails
  5772 | D:5      | Noticed Duffy's ghost (average CeMo)
  6381 | D:5      | Found a stormy altar of Qazlal.
  6381 | D:5      | Noticed Menkaure
  6720 | D:5      | Killed Duffy's ghost
  6720 | D:5      | Reached skill level 8 in Maces & Flails
  6720 | D:5      | Reached XP level 8. HP: 50/58 MP: 8/8
  6727 | D:5      | Found a blossoming altar of Fedhas.
  6747 | D:5      | Found a shadowy altar of Dithmenos.
  7605 | D:6      | Reached skill level 9 in Maces & Flails
  8141 | D:6      | Noticed Pikel
  8153 | D:6      | Killed Pikel
  8153 | D:6      | Reached XP level 9. HP: 44/66 MP: 9/9
  8231 | D:6      | Reached skill level 5 in Fighting
  8622 | D:6      | Found a radiant altar of Vehumet.
  8622 | D:6      | Found a white marble altar of Elyvilon.
  8834 | D:6      | Received a gift from Trog
  9260 | D:7      | Killed Menkaure
  9356 | D:7      | Reached skill level 5 in Armour
  9364 | D:7      | Noticed Joseph
  9385 | D:7      | Killed Joseph
  9645 | D:7      | Found a sacrificial altar of Ru.
  9722 | D:7      | Found a glowing golden altar of the Shining One.
  9722 | D:7      | Found a shattered altar of Ashenzari.
  9946 | D:7      | Found a staircase to the Ecumenical Temple.
  9979 | D:7      | Found a radiant altar of Vehumet.
 10068 | D:8      | Reached XP level 10. HP: 79/79 MP: 10/10
 10185 | D:8      | Found a staircase to the Lair.
 10323 | D:8      | Found an iron altar of Okawaru.
 10456 | D:8      | Found a blossoming altar of Fedhas.
 11031 | D:9      | Reached skill level 10 in Maces & Flails
 11549 | D:9      | Found Tykog's Food Shoppe.
 11774 | D:10     | Entered Level 10 of the Dungeon
 11774 | D:10     | Noticed a hill giant
 11890 | D:10     | Killed an unseen horror
 11989 | D:10     | Noticed a hill giant
 12133 | Lair:1   | Entered Level 1 of the Lair of Beasts
 12142 | Lair:1   | Received a gift from Trog
 12248 | Lair:1   | Reached skill level 11 in Maces & Flails
 12783 | Lair:1   | Reached XP level 11. HP: 84/84 MP: 11/11
 13495 | Lair:1   | Reached skill level 12 in Maces & Flails
 15292 | Lair:3   | Noticed a seven-headed hydra
 15296 | Lair:2   | Reached skill level 13 in Maces & Flails
 15722 | Lair:3   | Killed a seven-headed hydra
 17000 | Lair:4   | Noticed a seven-headed hydra
 17005 | Lair:4   | Killed an eight-headed hydra
 17005 | Lair:4   | Reached XP level 12. HP: 73/91 MP: 12/12
 17099 | Lair:4   | Noticed Maud
 17122 | Lair:4   | Killed Maud
 17122 | Lair:4   | Reached skill level 14 in Maces & Flails
 19877 | Lair:6   | Found a staircase to the Snake Pit.
 19927 | Lair:6   | Found a staircase to the Shoals.
 20038 | Lair:6   | Received a gift from Trog
 20299 | Lair:6   | Noticed an eight-headed hydra
 20310 | Lair:6   | Killed an eight-headed hydra
 20493 | Lair:6   | Noticed a five-headed hydra
 20504 | Lair:6   | Killed a five-headed hydra
 20625 | Lair:6   | Found a staircase to the Slime Pits.
 20938 | Lair:7   | Found a radiant altar of Vehumet.
 21192 | Lair:7   | Reached skill level 10 in Fighting
 21192 | Lair:7   | Gained mutation: You are in touch with the powers of death. [Mummy growth]
 21192 | Lair:7   | Gained mutation: You can restore your body by infusing magical energy. [Mummy growth]
 21192 | Lair:7   | Reached XP level 13. HP: 83/103 MP: 13/13
 21523 | Lair:7   | Noticed Rupert
 21535 | Lair:7   | Killed Rupert
 22444 | Lair:7   | Reached skill level 10 in Armour
 22625 | Lair:7   | Noticed Kirke
 22637 | Lair:7   | Killed Kirke
 22873 | Lair:8   | Entered Level 8 of the Lair of Beasts
 22885 | Lair:8   | Received a gift from Trog
 24161 | Lair:8   | Got a black opal-encrusted scale mail
 24192 | Lair:7   | Identified the +2 scale mail "Asanoacu" {Str+4} (You found it on level 8 of the Lair of Beasts)
 24545 | Lair:8   | Reached XP level 14. HP: 113/116 MP: 14/14
 24606 | Lair:8   | Received a gift from Trog
 25839 | D:10     | Killed a hill giant
 26139 | D:10     | Killed a hill giant
 26272 | D:10     | Noticed a three-headed hydra
 26282 | D:10     | Killed a three-headed hydra
 26548 | D:10     | Found a staircase to the Orcish Mines.
 26712 | Orc:1    | Entered Level 1 of the Orcish Mines
 26791 | Orc:1    | Noticed Maurice
 26803 | Orc:1    | Killed Maurice
 26900 | Orc:1    | Received a gift from Trog
 27886 | Orc:2    | Found a radiant altar of Vehumet.
 28065 | Orc:3    | Received a gift from Trog
 28079 | Orc:3    | Found a staircase to the Elven Halls.
 28221 | Orc:4    | Entered Level 4 of the Orcish Mines
 28433 | Orc:3    | Noticed Snorg
 28447 | Orc:3    | Killed Snorg
 30581 | Orc:4    | Noticed Saint Roka
 30590 | Orc:4    | HP: 5/118 [orc warrior/scimitar[Saint Roka] (25)]
 30625 | Orc:4    | HP: 5/118 [Saint Roka/divine providence (13)]
 31159 | Orc:4    | Found a roughly hewn altar of Beogh.
 31179 | Orc:4    | Found Wifygeimp's General Store.
 31182 | Orc:4    | Killed Saint Roka
 31464 | Orc:4    | Found Buox's Book Shop.
 31585 | Orc:4    | Noticed an orc warlord
 32335 | Orc:4    | Killed an orc warlord
 32487 | Orc:4    | Found Otasing's Antique Weapon Shop.
 32502 | Orc:4    | Found Qiqoef's Antique Armour Shop.
 32509 | Orc:4    | Bought a pair of embroidered gloves for 130 gold pieces
 32509 | Orc:4    | Bought a runed cloak for 130 gold pieces
 32509 | Orc:4    | Bought a crude scale mail for 261 gold pieces
 32519 | Orc:4    | Identified the +5 scale mail of Zieghey {rN+ Dex+4} (You bought it in a shop on level 4 of the Orcish Mines)
 32784 | Orc:4    | Got a slimy dagger
 32785 | Orc:4    | Identified the +10 dagger of Nugakisch {pierce, rF++ MR+} (You took it off an orc on level 4 of the Orcish Mines)
 32805 | Orc:4    | Noticed an orc warlord
 32967 | Orc:4    | Killed an orc warlord
 32971 | Orc:4    | Received a gift from Trog
 33052 | Orc:4    | Got a fine wooden ring
 33140 | Orc:4    | Bought a runed great mace for 162 gold pieces
 33159 | Orc:4    | Bought a scroll of enchant weapon for 135 gold pieces
 33159 | Orc:4    | Bought a scroll of identify for 36 gold pieces
 33159 | Orc:4    | Bought a scroll of identify for 36 gold pieces
 33357 | Lair:1   | Identified the ring of the Kraken {rElec Int+3 Dex+4 Slay+2 Stlth+} (You took it off an orc on level 4 of the Orcish Mines)
 33456 | D:11     | Noticed Nergalle
 33470 | D:11     | Killed Nergalle
 33576 | D:11     | Found Qeose's Weapon Shop.
 33909 | D:11     | Got a translucent scale mail
 33910 | D:11     | Identified the cursed +0 scale mail of Nihilism {rElec rC- Dex+4} (You found it on level 11 of the Dungeon)
 34397 | D:12     | Reached XP level 15. HP: 127/127 MP: 15/15
 34959 | D:12     | Noticed Nessos
 34977 | D:12     | Killed Nessos
 35192 | D:12     | Found a portal to a secret trove of treasure.
 35698 | D:13     | Found a gate to the Vaults.
 35708 | D:13     | Reached skill level 15 in Fighting
 36234 | D:13     | Noticed Azrael
 36262 | D:13     | Received a gift from Trog
 36266 | D:13     | Killed from afar by Azrael

Vault maps used:
D:1:      minmay_arrival_hallway
D:2:      wad_crossroads, first_bread
D:3:      kennysheep_six_static_rooms
D:4:      nicolae_gozag_seed_capital, trog_three_pillars_becter, uniq_duvessa
D:5:      lemuel_ratsnest, grunt_qazlal_sundering,
          nicolae_dithmenos_the_darkroom, basic_altar, uniq_menkaure
D:6:      kennysheep_housing_project, gammafunk_temple_overflow_elements,
          uniq_pikel
D:7:      overflow_temple_1_default, gammafunk_temple_overflow_pools,
          minmay_temple_entry_enclosed_plants, basic_altar, uniq_joseph
D:8:      nicolae_overflow_hidden_temple, lair_0_dummy, fedhas_altar_fruit_tree
D:9:      serial_shops, kennysheep_mini_moat
D:10:     david_orc_1_choice, hangedman_ranch
D:11:     serial_shops, shop, minmay_stone_trees_medium, hex_tiny, uniq_nergalle
D:12:     nicolae_trove_entry_crystal, uniq_nessos
D:13:     grunt_vaults_entry_fortified, uniq_azrael
Lair:1:   infiniplex_staircase_pool, grunt_megastairs_4
Lair:2:   minmay_lair_venomous_thicket, grunt_forest_stairs_basic, st_stairs_9,
          minmay_stone_trees_large
Lair:4:   lemuel_fruit_tree, grunt_megastairs_2, uniq_maud
Lair:5:   beast_lair_carwin_2
Lair:6:   minmay_shoals_entry_centaurs, guppyfry_snake_entry_garden,
          nicolae_slime_entry_slimehenge, minmay_lair_oklob_bushes
Lair:7:   basic_altar, minivault_11, uniq_rupert, uniq_kirke
Lair:8:   minmay_lair_end_enchanted_forest
Orc:1:    portal_ice_cave_entry_pillars_02, nicolae_orc_lava_tube, uniq_maurice
Orc:2:    basic_altar
Orc:3:    nicolae_orc_pool_cavern, uniq_snorg
Orc:4:    grunt_orc_cross, minmay_orc_treasury

Action                   |  1- 3 |  4- 6 |  7- 9 | 10-12 | 13-15 || total
-------------------------+-------+-------+-------+-------+-------++-------
Melee: Mace              |   143 |   197 |       |       |       ||   340
       Flail             |       |    53 |   485 |       |       ||   538
       Dire flail        |       |       |    94 |   751 |  1823 ||  2668
 Fire: Blowgun           |       |     3 |       |       |       ||     3
Invok: Trog's Hand       |       |     1 |     2 |     3 |    15 ||    21
       Brothers in Arms  |       |       |     1 |     4 |    22 ||    27
       Burn Spellbooks   |       |       |       |     2 |       ||     2
Evoke: Wand              |       |       |       |     9 |    13 ||    22
  Use: Scroll            |     5 |     3 |     4 |     7 |    13 ||    32
 Stab: Sleeping          |     1 |       |       |       |       ||     1
       Distracted        |       |       |       |       |     2 ||     2
